 Dungeon Crawl Stone Soup version 0.30-a0-1066-g63dfefce0d (webtiles) character file.

Game seed: 14549748355072116175

65 PimpSugar the Ducker (level 4, -1/32 HPs)
             Began as a Djinni Hedge Wizard on Apr 12, 2023.
             Slain by a gnoll
             ... wielding a +0 spear
              (6 damage)
             ... on level 3 of the Dungeon on Apr 13, 2023.
             The game lasted 00:04:34 (2109 turns).

PimpSugar the Ducker (Djinni Hedge Wizard)          Turns: 2109, Time: 00:04:36

Health: -1/32      AC:  3    Str:  9    XL:     4   Next: 34%
Gold:   165        EV: 12    Int: 18    God:
                   SH:  0    Dex: 12

rFire   + + +      SeeInvis .    l - +0 short sword (elec)
rCold   x . .      Faith    .    (no shield)
rNeg    . . .      Spirit   .    b - +0 robe
rPois   ∞          Reflect  .    e - +0 helmet
rElec   .          Rampage  .    (no cloak)
rCorr   .                        (no gloves)
Will    .....                    (boots unavailable)
Stlth   ++                       (no amulet)
HPRegen 0.25/turn                j - ring of protection from fire
MPRegen 0.00/turn                (no ring)

@: flying
A: sickness immunity, fire resistance 2, cold vulnerability 1, float, innate
caster, HP casting, extra vitality 1
a: no special abilities


You were on level 3 of the Dungeon.
You visited 1 branch of the dungeon, and saw 3 of its levels.

You collected 165 gold pieces.

Inventory:

Hand Weapons
 a - a +0 dagger
 l - a +0 short sword of electrocution (weapon)
Missiles
 f - 24 stones
 n - 3 boomerangs
 o - a throwing net
Armour
 b - a +0 robe (worn)
 c - a +0 hat
 e - a +0 helmet (worn)
Magical Staves
 p - a staff of poison
Jewellery
 j - a ring of protection from fire (left hand)
Scrolls
 h - a scroll of fear {unknown}
 i - a scroll of immolation {unknown}
 k - a scroll of teleportation {unknown}
 m - a scroll of identify {unknown}
Potions
 d - a potion of degeneration {unknown}
 g - 2 potions of attraction {unknown}
 q - a potion of flight


   Skills:
 + Level 1.0 Fighting
 + Level 3.1 Dodging
 - Level 2.0 Stealth
 * Level 3.1 Spellcasting


You knew the following spells:

 Your Spells              Type           Power      Damage    Failure   Level
a - Magic Dart            Conj           52%        1d5       4%          1
b - Call Imp              Summ           26%        N/A       7%          2
c - Mephitic Cloud        Conj/Pois/Air  13%        N/A       14%         3
d - Slow                  Hex            52%        N/A       4%          1
e - Blink                 Tloc           26%        N/A       7%          2
f - Beastly Appendage     Tmut           26%        N/A       4%          1
Your spell library was empty.

Dungeon Overview and Level Annotations

Branches:
Dungeon (3/15)

Altars:


Innate Abilities, Weirdness & Mutations

You are immune to sickness and miasma.
You are immune to poison.
Your flesh is very heat resistant. (rF++)
You are vulnerable to cold. (rC-)
You float through the air rather than walking.
You learn spells naturally, not from books.
Your magical power is your life essence.
You have superior vitality. (+4 MHP)


Message History

Confirm with . or Enter, or press ? or * to list all spells.
A tiny devil pulls itself out of the air.
A gnoll comes into view. It is wielding a +0 spear.
Found a stone staircase leading down.
The gnoll closely misses you.
You hit the gnoll.
The gnoll is heavily wounded.
Your cerulean imp hits the gnoll from afar with a -3 spear.
The gnoll hits you from afar with a +0 halberd.
The gnoll attacks as you move away! The gnoll barely misses you. x2
You swap places.
Your cerulean imp hits the gnoll with a -3 spear.
The gnoll hits your cerulean imp with a +0 club.
Your cerulean imp completely misses the gnoll.
The gnoll closely misses your cerulean imp.
The gnoll hits your cerulean imp with a +0 halberd!
Your cerulean imp dies!
Your cerulean imp disappears in a puff of smoke!
Casting: Call Imp (safe; 7% risk of failure)
Confirm with . or Enter, or press ? or * to list all spells.
Aiming: Slow (safe; 4% risk of failure)
Press: ? - help, Shift-Dir - straight line, f/p - gnoll
Aim: a gnoll, wielding a +0 club (blue smoke, almost dead, chance to affect: 55%)
The gnoll seems to slow down.
You barely miss the gnoll.
The gnoll is almost dead.
The gnoll closely misses you.
You closely miss the gnoll.
The gnoll is almost dead.
The gnoll barely misses you. The gnoll misses you.
You hit the gnoll but do no damage. Lightning courses through the gnoll!
You kill the gnoll!
The gnoll misses you.
Your Fighting skill increases to level 1!
The gnoll hits you with a +0 spear!
The gnoll hits you from afar with a +0 halberd!
* * * LOW HITPOINT WARNING * * *
Things that are here:
a +0 club; a gnoll corpse You barely miss the gnoll.
The gnoll hits you with a +0 spear.
You die...

#.# #.# #.#
#.# .. #.#
#.# .. ##.##
.# ##...## >#
####.....##.#
......)...#.#
####.....##.#
##...@gg.#
##.###..# ###
#.....
#.##### #.#
#.. ###


You could see 2 gnolls.

Vanquished Creatures
  An adder (D:2)
  A gnoll (D:3)
  A worm (D:2)
  3 ball pythons
  7 bats
  4 endoplasms
  A giant cockroach (D:1)
  A goblin (D:1)
  3 hobgoblins
  5 frilled lizards
  3 kobolds
  2 rats (D:2)
32 creatures vanquished.

Vanquished Creatures (collateral kills)
  A bat (D:2)
  2 giant cockroaches (D:1)
  A hobgoblin (D:2)
  2 quokkas (D:2)
  A kobold (D:2)
  A rat (D:2)
8 creatures vanquished.

Grand Total: 40 creatures vanquished

Notes
Turn   | Place    | Note
-------+----------+-------------------------------------------
     0 | D:1      | PimpSugar the Djinni Hedge Wizard began the quest for the
                  | Orb.
     0 | D:1      | PimpSugar set off with the following spells memorised:
                  | Magic Dart, Slow, Blink, Call Imp, Mephitic Cloud.
     0 | D:1      | Reached XP level 1. HP: 15/15 MP: 0/0
   256 | D:1      | Reached XP level 2. HP: 21/21 MP: 0/0
   970 | D:2      | Reached XP level 3. HP: 23/25 MP: 0/0
   970 | D:2      | Learned a level 1 spell: Beastly Appendage
  1566 | D:2      | Reached XP level 4. HP: 29/31 MP: 0/0
  2108 | D:3      | Reached skill level 1 in Fighting
  2109 | D:3      | Slain by a gnoll

Illustrated notes

Levels and vault maps discovered:
D:1:      ebering_trefoil_3fold, layout_loops_ring, serial_forest,
          infiniplex_forest_clump_tiny, infiniplex_forest_clump_medium,
          infiniplex_forest_lined_ring, infiniplex_forest_lined_1,
          infiniplex_forest_end_2, wander_ebering_terrifying_dragon_lair
D:2:      layout_loops_ring, grunt_decor_fettered, minivault_25
D:3:      layout_loops_ring

Skill      XL: |  1  2  3  4 |
---------------+-------------+-----
Stealth        | 2 |  2.0
Dodging        | 3 |  3.1
Spellcasting   | 3 |  3.1
Fighting       | 1 |  1.0

Action                     |  1- 3 |  4- 6 || total
---------------------------+-------+-------++-------
  Melee: Dagger            |    51 |       ||    51
         Punch             |     1 |     1 ||     2
         Short sword       |    37 |    28 ||    65
         Headbutt          |     2 |       ||     2
   Cast: Magic Dart        |    25 |     6 ||    31
         Slow              |     3 |     1 ||     4
         Call Imp          |     4 |     1 ||     5
         Beastly Appendage |     4 |       ||     4
    Use: Potion            |     2 |       ||     2
         Scroll            |       |     2 ||     2
 Armour: Robe              |    28 |    14 ||    42
  Dodge: Dodged            |    83 |    30 ||   113

Table legend: (Time is in decaauts)
 A = Elapsed time spent in this place.
 B = Non-inter-level travel time spent in this place.
 C = Inter-level travel time spent in this place.
 D = Time resting spent in this place.
 E = Time spent auto-exploring this place.
 F = Levels seen in this place.
 G = Mean time per level.
                   A        B        C        D        E       F      G
               +--------+--------+--------+--------+--------+-----+--------+
         Total |   2107 |   2010 |     97 |     54 |   1477 |   3 |  702.3 |
       Dungeon |   2107 |   2010 |     97 |     54 |   1477 |   3 |  702.3 |
               +--------+--------+--------+--------+--------+-----+--------+

Top non-repeatable levels by time:
     D:2: 1089 daAuts
     D:1: 930 daAuts
     D:3: 87 daAuts
